AoeStats
← gingersurprise69

Pilgrims

510019056Analyzed
4v4 RM · 4d ago on Sep 29, 2026· 51m 39s· 8 players
Game mode
Random Map
Map size
Large (8 player)
Population
200
Speed
Normal
Resources
Standard
Victory
Conquest
Starting age
Dark Age
Ending age
Imperial Age
RankedLock teamsTeams togetherTeam positionsShared explorationLock speedFull tech treeHidden civsTurbo modeCheats
Victory
Defeat
🇺🇸 Persians · United States
1106
+15
🇻🇳 Britons · Vietnam
1102
+15
🇳🇿 Wei · New Zealand
1099
+15
🇨🇦 Italians · Canada
1033
+17
🇺🇸 Magyars · United States
1093
-16
🇨🇦 Varangians · Canada
1091
-16
🇨🇦 Danes · Canada
1087
-16
🇺🇸 Mongols · United States
1028
-14
radnark
10:36 Loom
13:36 Feudal Age
18:15 Castle Age
19:30 Scale Barding Armor
19:36 Forging
19:20 Gold Mining
19:18 Double-Bit Axe
21:27 Chain Barding Armor
23:49 Wheelbarrow
32:14 Scale Mail Armor
32:19 Town Watch
37:55 Imperial Age
37:30 Squires
38:10 Iron Casting
37:50 Chain Mail Armor
37:57 Elite Varangian Guard
40:27 Blast Furnace
43:04 Pikeman
43:39 Fletching
44:07 Halberdier
48:34 Conscription
48:35 Heavy Scorpion
Rimbo
3:41 Loom
12:29 Feudal Age
16:22 Double-Bit Axe
28:15 Castle Age
29:14 Horse Collar
29:58 Bow Saw
30:48 Scale Barding Armor
31:28 Fletching
33:38 Husbandry
35:49 Bloodlines
40:19 Wheelbarrow
43:16 Wheelbarrow
44:36 Horse Collar
45:57 Hand Cart
49:57 Light Cavalry
chuck_porridge
5:30 Loom
12:35 Feudal Age
23:08 Castle Age
25:13 Fletching
25:08 Horse Collar
25:15 Double-Bit Axe
27:42 Padded Archer Armor
32:35 Castle Age
38:49 Bloodlines
41:53 Medium Warships
43:07 Husbandry
45:32 Scale Barding Armor
gingersurprise69
5:53 Loom
11:53 Feudal Age
13:59 Double-Bit Axe
16:43 Castle Age
14:59 Horse Collar
15:23 Fletching
16:42 Padded Archer Armor
16:39 Gold Mining
18:38 Bow Saw
20:16 Thumb Ring
23:02 Bloodlines
22:53 Husbandry
28:04 Wheelbarrow
27:58 Elite Skirmisher
30:15 Leather Archer Armor
29:56 Bodkin Arrow
30:19 Leather Archer Armor
32:01 Heavy Plow
34:18 Hand Cart
36:32 Squires
36:18 Arson
36:45 Forging
36:35 Scale Mail Armor
39:10 Ballistics
41:22 Imperial Age
38:56 Pikeman
39:23 Gambesons
40:00 Chain Mail Armor
40:20 Iron Casting
42:52 Conscription
42:04 Capped Ram
43:45 Gold Shaft Mining
43:00 Stone Mining
43:05 Elite Varangian Guard
45:10 Pikeman
45:50 Halberdier
48:01 Siege Ram
erik_k900
4:09 Loom
11:39 Feudal Age
12:47 Double-Bit Axe
18:34 Castle Age
18:40 Castle Age
16:24 Horse Collar
16:38 Gold Mining
16:38 Fishing Lines
16:50 Man-at-Arms
17:52 Stone Mining
18:40 Pikeman
18:53 Crossbowman
28:25 Kamandaran
35:46 Imperial Age
34:25 Wheelbarrow
34:03 Padded Archer Armor
34:25 Fletching
36:24 Bow Saw
39:20 Chemistry
39:27 Ballistics
39:32 Leather Archer Armor
44:47 Ring Archer Armor
44:12 Bodkin Arrow
45:37 Thumb Ring
LordWhile
3:40 Loom
11:46 Feudal Age
12:09 Man-at-Arms
23:40 Castle Age
21:50 Double-Bit Axe
23:25 Fishing Lines
25:24 Bow Saw
26:28 Horse Collar
28:44 Wheelbarrow
33:29 Imperial Age
32:32 Gillnets
33:23 Padded Archer Armor
33:14 Fletching
33:12 Town Watch
33:49 Hand Cart
34:42 Capped Ram
35:51 Elite Genoese Crossbowman
38:49 Leather Archer Armor
38:30 Bodkin Arrow
41:45 Conscription
44:20 Two-Man Saw
44:23 Ring Archer Armor
45:18 Bloodlines
45:09 Husbandry
44:30 Cavalier
S O L
8:41 Loom
10:58 Feudal Age
12:57 Fishing Lines
17:54 Castle Age
16:15 Double-Bit Axe
17:54 Fletching
18:04 Padded Archer Armor
19:02 Bow Saw
18:42 Gold Mining
18:46 Gillnets
19:54 Wheelbarrow
19:06 Town Watch
24:05 Bodkin Arrow
23:53 Treadmill Crane
26:17 Ballistics
27:07 Fervor
28:26 Leather Archer Armor
28:24 Masonry
28:53 Sanctity
32:17 Imperial Age
31:38 Hand Cart
32:16 Stone Mining
33:27 Conscription
37:38 Bracer
38:48 Warwolf
40:43 Siege Engineers
40:27 Arrowslits
42:07 Siege Engineers
41:54 Guard Tower
42:19 Elite Skirmisher
44:22 Ring Archer Armor
44:17 Husbandry
45:01 Scale Barding Armor
46:37 Chemistry
46:43 Architecture
46:38 Yeomen
48:43 Town Patrol
51:29 Guilds
Stefan 80808
6:07 Loom
11:02 Feudal Age
16:32 Castle Age
17:53 Double-Bit Axe
23:34 Horse Collar
27:06 Fishing Lines
32:21 Wheelbarrow
32:14 Fervor
33:42 Hand Cart
33:53 Heavy Plow
37:43 Imperial Age
35:51 Bloodlines
35:41 Husbandry
37:18 Scale Barding Armor
37:13 Gillnets
37:22 Gold Mining
37:23 Stone Mining
38:00 Ballistics
38:48 Conscription
38:54 Ming Guang Armor
38:02 Heavy Hei Guang Cavalry
39:17 Chain Barding Armor
40:59 Forging
40:40 Fletching
41:03 Treadmill Crane
42:16 Iron Casting
42:24 Masonry
43:15 Chemistry
43:32 Heavy Scorpion
44:55 Murder Holes
46:13 Blast Furnace
46:46 Town Watch
48:19 Thumb Ring
48:40 Parthian Tactics
48:12 Bodkin Arrow
51:52 Bracer
51:53 Padded Archer Armor
Connection lost

Rejoining the realm…

Still unreachable

The connection could not be restored.

Session expired

The server has moved on; the page needs a fresh start.